 Dungeon Crawl Stone Soup version 0.22-a0-469-gf26638a (webtiles) character file.

144 epen the Cutter (level 5, -8/32 HPs)
             Began as a Deep Elf Abyssal Knight on June 12, 2018.
             Was a Follower of Lugonu.
             Killed by divine providence
             ... invoked by an orc priest
              (10 damage)
             ... on level 3 of the Dungeon.
             The game lasted 00:04:05 (4014 turns).

epen the Cutter (Deep Elf Abyssal Knight)           Turns: 4014, Time: 00:04:05

Health: -8/32      AC:  3    Str: 10    XL:     5   Next: 5%
Magic:  9/9        EV: 13    Int: 17    God:    Lugonu [*.....]
Gold:   101        SH:  0    Dex: 14    Spells: 4/4 levels left

rFire    . . .     SeeInvis .   a - +1 short sword
rCold    . . .     Gourm    .   (no shield)
rNeg     . . .     Faith    .   b - +0 leather armour
rPois    .         Spirit   .   (no helmet)
rElec    .         Reflect  .   (no cloak)
rCorr    .         Harm     .   (no gloves)
MR       .....                  (no boots)
Stlth    +.........             (no amulet)
HPRegen  0.10/turn              (no ring)
MPRegen  0.11/turn              (no ring)

@: no status effects
A: no striking features
a: Depart the Abyss, Renounce Religion


You were on level 3 of the Dungeon.
You worshipped Lugonu.
Lugonu was aware of your devotion.
You were not hungry.

You visited 1 branch of the dungeon, and saw 3 of its levels.
You visited the Abyss 1 time.

You collected 101 gold pieces.

Inventory:

Hand Weapons
 a - a +1 short sword (weapon)
Armour
 b - a +0 leather armour (worn)
Jewellery
 q - an uncursed amulet of harm {unknown}
Wands
 e - a wand of clouds (8)
Scrolls
 d - 3 scrolls of enchant armour {unknown}
 f - 6 scrolls of teleportation {unknown}
 g - a scroll of fog {unknown}
 h - 5 scrolls of enchant weapon {unknown}
 i - a scroll of random uselessness {unknown}
 j - 3 scrolls of amnesia {unknown}
 k - 6 scrolls of identify {unknown}
 n - 3 scrolls of immolation {unknown}
 r - a scroll of magic mapping {unknown}
Potions
 m - a potion of curing
 o - 2 potions of haste {unknown}
 p - a potion of heal wounds {unknown}
Comestibles
 c - 5 rations
 l - 2 chunks of flesh


   Skills:
 + Level 2.8 Fighting
 * Level 3.5 Short Blades
 + Level 1.7 Armour
 + Level 3.3 Dodging
 + Level 2.9 Invocations


You had 4 spell levels left.
You didn't know any spells.
Your spell library was empty.

Dungeon Overview and Level Annotations

Branches:
Dungeon (3/15)

Altars:
Beogh


Message History

The orc priest misses you. The orc hits you but does no damage.
You barely miss the orc priest.
The orc priest is almost dead.
The orc priest barely misses you.
You hit the orc priest but do no damage.
The orc priest is almost dead.
The orc closely misses you.
The orc priest looks braver for a moment.
You hit the orc priest.
The orc priest is almost dead.
The orc barely misses you. The orc priest barely misses you.
You hit the orc priest but do no damage.
The orc priest is almost dead.
The orc hits you but does no damage.
The orc priest mumbles some strange prayers to Beogh against you.
Beogh smites you!
* * * LOW HITPOINT WARNING * * *
The orc priest invokes the aid of Beogh against you.
Beogh smites you!
You die...

########## #........#
#.######.# #.# #.#
#####
#.######.#########
#...#
#.##>......).....##
###...###
#.....##.#######...
###.....(.####.@......#
#.##
#..........o.o.#...####
#.##
#.#........######.##
#.## #.#.#...#..# #.#
#.## #.#.#...#.o# #.#
##.## #.#)#..##..#
##'## #....
#.#.#.###..# #...##
#.##. #.#.#.###..#
###..## ##>##.
#..........# $..##..##
##..###


You could see an orc priest and an orc.

Vanquished Creatures
  An orc priest (D:3)
  Terence (D:2)
  2 adders
  2 worms
  A dart slug (D:2)
  5 orcs
  7 bats
  2 giant cockroaches (D:2)
  6 goblins
  9 hobgoblins
  5 jackals (D:1)
  2 quokkas (D:2)
  A ball python (D:1)
  4 frilled lizards (D:1)
  8 kobolds
  A rat (D:2)
57 creatures vanquished.

Notes
Turn   | Place    | Note
-------+----------+-------------------------------------------
     0 | Abyss:1  | epen the Deep Elf Abyssal Knight began the quest for the Orb.
     0 | Abyss:1  | Reached XP level 1. HP: 13/13 MP: 4/4
    50 | Abyss:1  | Noticed an ancient zyme
    56 | Abyss:1  | Noticed a Hell Sentinel
    57 | D:1      | Escaped the Abyss
   508 | D:1      | Reached XP level 2. HP: 11/18 MP: 5/5
   631 | D:1      | Reached skill level 1 in Armour
   641 | D:1      | Reached * piety under Lugonu
  1442 | D:2      | Noticed Terence
  1466 | D:2      | Killed Terence
  1466 | D:2      | Reached XP level 3. HP: 19/22 MP: 6/6
  1864 | D:2      | Reached XP level 4. HP: 17/27 MP: 7/7
  3661 | D:3      | Reached XP level 5. HP: 31/32 MP: 9/9
  3977 | D:3      | Found a roughly hewn altar of Beogh.
  4002 | D:3      | HP: 1/32 [orc priest/divine providence (15)]
  4014 | D:3      | Killed from afar by an orc priest

Vault maps used:
D:1:      sevenhm_arrival_forest_fort_large_4, hangedman_glass_teeth,
          kennysheep_crisscross
D:2:      uniq_terence
D:3:      first_ration, minmay_misc_feat_diagonals, minivault_26,
          minmay_misc_feat_hallway, minmay_misc_feat_rows, kennysheep_orc_chapel

Skill      XL: |  1  2  3 |
---------------+----------+-----
Armour         | 1 |  1.7
Dodging        | 3 |  3.3
Short Blades   | 3 |  3.5
Fighting       | |  2.8
Invocations    | |  2.9

Action                   |  1- 3 |  4- 6 || total
-------------------------+-------+-------++-------
Melee: Short sword       |   114 |   133 ||   247
       Unarmed           |     6 |       ||     6
Invok: Depart the Abyss  |     1 |       ||     1
  Use: Potion            |     2 |     1 ||     3
 Stab: Sleeping          |     1 |       ||     1
  Eat: Chunk             |     3 |     3 ||     6
       Ration            |       |     1 ||     1
Armor: Leather armour    |    34 |    12 ||    46
       Skin              |     4 |       ||     4
Dodge: Dodged            |    77 |    78 ||   155

Table legend:
 A = Spawn XP
 B = Non-spawn XP
 C = Spawn XP percentage of total XP
 D = Spawn monster count
 E = Non-spawn monster count
 F = Spawn count percentage of total count
 G = Total turns spent on level
                    A         B        C        D         E        F      G
               +---------+---------+-------+---------+---------+-------+---------
         Total |       0 |     206 |   0.0 |       0 |      57 |   0.0 |  4014
               +---------+---------+-------+---------+---------+-------+---------
           D:1 |       0 |      26 |   0.0 |       0 |      18 |   0.0 |  1326
           D:2 |       0 |     100 |   0.0 |       0 |      25 |   0.0 |  1527
           D:3 |       0 |      80 |   0.0 |       0 |      14 |   0.0 |  1104
               +---------+---------+-------+---------+---------+-------+---------
